MID
LAKE COUNTY CAPTAINS @ BELOIT SNAPPERS
08/16/2045
 
TOP OF THE 1ST
Lake County Captains batting - Pitching for Beloit Snappers : RHP Danny Levinger
Pitching: RHP Danny Levinger
Batting: SHB Arturo Baez 0-0: SINGLE (Line Drive, 78S, EV 95.0 MPH)
Batting: SHB Travis Burnett 0-0: Ball
1-0: Ball
2-0: Ball
3-0: Base on Balls
Arturo Baez to second
Batting: LHB Costodio Varino 0-0: Fly out, F9 (Flyball, 9LS, EV 89.4 MPH)
Batting: RHB Carlos Abrego 0-0: Called Strike
0-1: Foul Ball, location: 2F
0-2: Ball
1-2: Strikes out swinging
Batting: LHB Nate Trahan 0-0: Ball
1-0: Swinging Strike
1-1: Called Strike
1-2: Foul Ball, location: 2F
1-2: Foul Ball, location: 2F
1-2: Ball
2-2: Foul Ball, location: 2F
2-2: Ball
3-2: Foul Ball, location: 2F
3-2: Ground out 6-3 (Groundball, 6M, EV 106.2 MPH)
Top of the 1st over - 0 runs, 1 hit, 0 errors, 2 left on base; Lake County 0 - Beloit 0
BOTTOM OF THE 1ST
Beloit Snappers batting - Pitching for Lake County Captains : RHP Chris DeVall
Pitching: RHP Chris DeVall
Batting: LHB Angel Sanchez 0-0: Foul Ball, location: 2F
0-1: Foul Ball, location: 2F
0-2: Strikes out swinging
Batting: RHB Danny Heikkila 0-0: Ball
1-0: Called Strike
1-1: Ground out 5-3 (Groundball, 56, EV 99.4 MPH)
Batting: LHB Lee Gerken 0-0: Ball
1-0: Ball
2-0: Foul Ball, location: 2F
2-1: Ball
3-1: Base on Balls
Batting: LHB Henry Hutson 0-0: Ball
1-0: Ball
2-0: Called Strike
2-1: Fielders Choice at 2nd, 6-4 (Groundball, 6, EV 82.5 MPH)
Bottom of the 1st over - 0 runs, 0 hits, 0 errors, 1 left on base; Lake County 0 - Beloit 0
TOP OF THE 2ND
Lake County Captains batting - Pitching for Beloit Snappers : RHP Danny Levinger
Batting: LHB Yasuo Igarashi 0-0: Foul Ball, location: 2F
0-1: Foul Ball, location: 2F
0-2: Ground out 1-3 (Groundball, 13S, EV 70.6 MPH)
Batting: RHB Steve Gusman 0-0: Ball
1-0: Ball
2-0: Foul Ball, location: 2F
2-1: Ground out 6-3 (Groundball, 6, EV 90.6 MPH)
Batting: RHB Kenzo Shinoda 0-0: SOLO HOME RUN (Flyball, 7D, EV 95.6 MPH), Distance : 361 ft
Batting: RHB Leo Roman 0-0: Ball
1-0: Called Strike
1-1: Fly out, F4 (Line Drive, 4, EV 68.8 MPH)
Top of the 2nd over - 1 run, 1 hit, 0 errors, 0 left on base; Lake County 1 - Beloit 0
BOTTOM OF THE 2ND
Beloit Snappers batting - Pitching for Lake County Captains : RHP Chris DeVall
Batting: RHB Edgar Landim 0-0: Ground out 4-3 (Groundball, 4, EV 104.4 MPH)
Batting: LHB Billy Schultz 0-0: Called Strike
0-1: Foul Ball, location: 2F
0-2: Foul Ball, location: 2F
0-2: SOLO HOME RUN (Flyball, 9D, EV 95.6 MPH), Distance : 367 ft
Batting: RHB Ricardo Mariscal 0-0: Called Strike
0-1: Ball
1-1: Ball
2-1: Ball
3-1: Fly out, F8 (Flyball, 89M, EV 92.5 MPH)
Batting: RHB Jose Marquez 0-0: Called Strike
0-1: Ground out 4-3 (Groundball, 4M, EV 85.0 MPH)
Bottom of the 2nd over - 1 run, 1 hit, 0 errors, 0 left on base; Lake County 1 - Beloit 1
TOP OF THE 3RD
Lake County Captains batting - Pitching for Beloit Snappers : RHP Danny Levinger
Batting: SHB Arturo Baez 0-0: Ball
1-0: Ball
2-0: Ball
3-0: Base on Balls
Batting: SHB Travis Burnett 0-0: Fielders Choice at 2nd, 4-6 (Groundball, 4, EV 83.8 MPH)
Batting: LHB Costodio Varino 0-0: Ball
1-0: Called Strike
1-1: Swinging Strike
1-2: Strikes out looking
Batting: RHB Carlos Abrego 0-0: Ball
1-0: Ball
2-0: SINGLE (Groundball, 25, EV 73.8 MPH) (infield hit)
Travis Burnett to second
Batting: LHB Nate Trahan 0-0: Ground out 3-1 (Groundball, 34S, EV 86.2 MPH)
Top of the 3rd over - 0 runs, 1 hit, 0 errors, 2 left on base; Lake County 1 - Beloit 1
BOTTOM OF THE 3RD
Beloit Snappers batting - Pitching for Lake County Captains : RHP Chris DeVall
Batting: RHB Dave Vezina 0-0: Ball
1-0: Ball
2-0: Swinging Strike
2-1: Ball
3-1: Swinging Strike
3-2: Foul Ball, location: 2F
3-2: Strikes out looking
Batting: LHB Angel Sanchez 0-0: Ball
1-0: Swinging Strike
1-1: Ball
2-1: Called Strike
2-2: Strikes out looking
Batting: RHB Danny Heikkila 0-0: Ground out 6-3 (Groundball, 6, EV 83.8 MPH)
Bottom of the 3rd over - 0 runs, 0 hits, 0 errors, 0 left on base; Lake County 1 - Beloit 1
TOP OF THE 4TH
Lake County Captains batting - Pitching for Beloit Snappers : RHP Danny Levinger
Batting: LHB Yasuo Igarashi 0-0: Ball
1-0: Swinging Strike
1-1: Ball
2-1: Ground out 4-3 (Groundball, 34, EV 86.2 MPH)
Batting: RHB Steve Gusman 0-0: Ball
1-0: Called Strike
1-1: Foul Ball, location: 2F
1-2: Ball
2-2: Fly out, F9 (Flyball, 9, EV 86.2 MPH)
Batting: RHB Kenzo Shinoda 0-0: Called Strike
0-1: Ground out 5-3 (Groundball, 56S, EV 89.4 MPH)
Top of the 4th over - 0 runs, 0 hits, 0 errors, 0 left on base; Lake County 1 - Beloit 1
BOTTOM OF THE 4TH
Beloit Snappers batting - Pitching for Lake County Captains : RHP Chris DeVall
Batting: LHB Lee Gerken 0-0: Ground out U3 (Groundball, 3, EV 80.6 MPH)
Batting: LHB Henry Hutson 0-0: Called Strike
0-1: Reached on error, E3 (Groundball, 3, EV 80.6 MPH)
Batting: RHB Edgar Landim 0-0: Foul Ball, location: 2F
0-1: Ball
1-1: Called Strike
1-2: Ball
2-2: Strikes out swinging
Batting: LHB Billy Schultz 0-0: Fly out, F7 (Flyball, 7D, EV 93.1 MPH)
Bottom of the 4th over - 0 runs, 0 hits, 1 error, 1 left on base; Lake County 1 - Beloit 1
TOP OF THE 5TH
Lake County Captains batting - Pitching for Beloit Snappers : RHP Danny Levinger
Batting: RHB Leo Roman 0-0: Swinging Strike
0-1: Ball
1-1: Ball
2-1: Ball
3-1: Ground out 6-3 (Groundball, 6, EV 81.2 MPH)
Batting: SHB Arturo Baez 0-0: Called Strike
0-1: Ball
1-1: Ball
2-1: Ball
3-1: Base on Balls
Batting: SHB Travis Burnett 0-0: Ball
1-0: Foul Ball, location: 2F
1-1: Fielders Choice at 2nd, 4-6 (Groundball, 4, EV 88.8 MPH)
Batting: LHB Costodio Varino 0-0: Foul Ball, location: 2F
0-1: Ball
1-1: DOUBLE (Line Drive, 78XD, EV 100.6 MPH)
Travis Burnett to third
Batting: RHB Carlos Abrego 0-0: Ball
1-0: Called Strike
1-1: Called Strike
1-2: Foul Ball, location: 2F
1-2: Ball
2-2: Strikes out swinging
Top of the 5th over - 0 runs, 1 hit, 0 errors, 2 left on base; Lake County 1 - Beloit 1
BOTTOM OF THE 5TH
Beloit Snappers batting - Pitching for Lake County Captains : RHP Chris DeVall
Batting: RHB Ricardo Mariscal 0-0: Ball
1-0: Swinging Strike
1-1: Ball
2-1: Swinging Strike
2-2: Foul Ball, location: 2F
2-2: Strikes out looking
Batting: RHB Jose Marquez 0-0: Foul Ball, location: 2F
0-1: Ground out 2-3 (Groundball, 15S, EV 70.6 MPH)
Batting: RHB Dave Vezina 0-0: Ball
1-0: Foul Ball, location: 2F
1-1: Foul Ball, location: 2F
1-2: Foul Ball, location: 2F
1-2: Ground out 5-3 (Groundball, 5, EV 105.6 MPH)
Bottom of the 5th over - 0 runs, 0 hits, 0 errors, 0 left on base; Lake County 1 - Beloit 1
TOP OF THE 6TH
Lake County Captains batting - Pitching for Beloit Snappers : RHP Danny Levinger
Batting: LHB Nate Trahan 0-0: Called Strike
0-1: Ball
1-1: Ball
2-1: SINGLE (Groundball, 4D, EV 102.5 MPH)
Batting: LHB Yasuo Igarashi 0-0: Ball
1-0: Foul Ball, location: 2F
1-1: Ball
2-1: Ball
3-1: Called Strike
3-2: Foul Ball, location: 2F
3-2: SINGLE (Groundball, 4MD, EV 105.6 MPH)
Nate Trahan to second
Batting: RHB Steve Gusman 0-0: Foul Ball, location: 2F
0-1: Swinging Strike
0-2: Ball
1-2: Strikes out swinging
Batting: RHB Kenzo Shinoda 0-0: Called Strike
0-1: Ball
1-1: DOUBLE (Line Drive, 9LS, EV 99.4 MPH)
Nate Trahan scores
Yasuo Igarashi to third
Runner from 3rd tries for Home, SAFE, throw by RF to home
Batting: RHB Leo Roman 0-0: Foul Ball, location: 2F
0-1: SINGLE (Groundball, 5D, EV 98.1 MPH)
Kenzo Shinoda to third
Batting: SHB Arturo Baez 0-0: Ball
1-0: Swinging Strike
1-1: Ball
2-1: Ball
3-1: Base on Balls
Leo Roman to second
Pitching: RHP Theodore Behr
Batting: SHB Travis Burnett 0-0: Grounds into fielders choice 4-2 (Groundball, 4S, EV 63.1 MPH)
Leo Roman to third
Arturo Baez to second
Pitching: LHP Tom Jennings
Batting: LHB Costodio Varino 0-0: Ball
1-0: Foul Ball, location: 2F
1-1: Ball
2-1: Foul Ball, location: 2F
2-2: Ball
3-2: Foul Ball, location: 2F
3-2: Strikes out looking
Top of the 6th over - 2 runs, 4 hits, 0 errors, 3 left on base; Lake County 3 - Beloit 1
BOTTOM OF THE 6TH
Beloit Snappers batting - Pitching for Lake County Captains : RHP Chris DeVall
Batting: LHB Angel Sanchez 0-0: Called Strike
0-1: Swinging Strike
0-2: Ball
1-2: Foul Ball, location: 2F
1-2: SOLO HOME RUN (Flyball, 89XD, EV 98.8 MPH), Distance : 371 ft
Batting: RHB Danny Heikkila 0-0: Ball
1-0: Ball
2-0: SINGLE (Line Drive, 8LS, EV 94.4 MPH)
Batting: LHB Lee Gerken 0-0: Called Strike
Danny Heikkila steals 2nd base
0-1: SINGLE (Flyball, 78S, EV 90.6 MPH)
Danny Heikkila to third
Batting: LHB Henry Hutson 0-0: Called Strike
0-1: Foul Ball, location: 2F
0-2: 3-RUN HOME RUN (Flyball, 9D, EV 97.5 MPH), Distance : 355 ft
Batting: RHB Edgar Landim 0-0: Called Strike
0-1: Ground out 6-3 (Groundball, 6, EV 85.6 MPH)
Batting: LHB Billy Schultz 0-0: Called Strike
0-1: Ball
1-1: Foul Ball, location: 2F
1-2: Ball
2-2: Ball
3-2: Foul Ball, location: 2F
3-2: Strikes out swinging
Batting: RHB Ricardo Mariscal 0-0: Foul Ball, location: 2F
0-1: Ball
1-1: Ball
2-1: Foul Ball, location: 2F
2-2: Strikes out swinging
Bottom of the 6th over - 4 runs, 4 hits, 0 errors, 0 left on base; Lake County 3 - Beloit 5
TOP OF THE 7TH
Lake County Captains batting - Pitching for Beloit Snappers : LHP Tom Jennings
Pitching: LHP Antonio Arocha
Batting: RHB Carlos Abrego 0-0: Ground out 5-3 (Groundball, 56S, EV 73.8 MPH)
Batting: LHB Nate Trahan 0-0: Foul Ball, location: 2F
0-1: Ball
1-1: Swinging Strike
1-2: Foul Ball, location: 2F
1-2: Ball
2-2: Ground out U3 (Groundball, 3S, EV 71.2 MPH)
Batting: LHB Yasuo Igarashi 0-0: Ball
1-0: Called Strike
1-1: Ball
2-1: Ground out 5-3 (Groundball, 5, EV 93.8 MPH)
Top of the 7th over - 0 runs, 0 hits, 0 errors, 0 left on base; Lake County 3 - Beloit 5
BOTTOM OF THE 7TH
Beloit Snappers batting - Pitching for Lake County Captains : RHP Chris DeVall
Batting: RHB Jose Marquez 0-0: Called Strike
0-1: Called Strike
0-2: Ball
1-2: Foul Ball, location: 2F
1-2: Foul Ball, location: 2F
1-2: Ball
2-2: Ball
3-2: Foul Ball, location: 2F
3-2: Foul Ball, location: 2F
3-2: Foul Ball, location: 2F
3-2: Base on Balls
Pitching: RHP Victor Amador
Batting: RHB Dave Vezina 0-0: Ball
1-0: Fielders Choice at 2nd, 6-4 (Groundball, 6, EV 88.1 MPH)
Batting: LHB Angel Sanchez 0-0: Called Strike
0-1: Foul Ball, location: 2F
0-2: Ball
1-2: Strikes out swinging
Batting: RHB Danny Heikkila 0-0: Called Strike
0-1: Swinging Strike
0-2: Foul Ball, location: 2F
0-2: Ground out 5-3 (Groundball, 56S, EV 64.4 MPH)
Bottom of the 7th over - 0 runs, 0 hits, 0 errors, 1 left on base; Lake County 3 - Beloit 5
TOP OF THE 8TH
Lake County Captains batting - Pitching for Beloit Snappers : LHP Antonio Arocha
Batting: RHB Steve Gusman 0-0: Called Strike
0-1: Ball
1-1: Fly out, F3 (Line Drive, 3, EV 71.2 MPH)
Batting: RHB Kenzo Shinoda 0-0: Ball
1-0: Ball
2-0: Ball
3-0: Called Strike
3-1: Ground out 3-1 (Groundball, 34S, EV 84.4 MPH)
Batting: RHB Leo Roman 0-0: Foul Ball, location: 2F
0-1: Ball
1-1: Ground out 3-1 (Groundball, 34, EV 81.9 MPH)
Top of the 8th over - 0 runs, 0 hits, 0 errors, 0 left on base; Lake County 3 - Beloit 5
BOTTOM OF THE 8TH
Beloit Snappers batting - Pitching for Lake County Captains : RHP Victor Amador
Batting: LHB Lee Gerken 0-0: Ball
1-0: Swinging Strike
1-1: Swinging Strike
1-2: Foul Ball, location: 2F
1-2: Strikes out swinging
Batting: LHB Henry Hutson 0-0: Fly out, F8 (Flyball, 89D, EV 99.4 MPH)
Batting: RHB Edgar Landim 0-0: Ball
1-0: Foul Ball, location: 2F
1-1: Swinging Strike
1-2: Fly out, F7 (Flyball, 78S, EV 73.8 MPH)
Bottom of the 8th over - 0 runs, 0 hits, 0 errors, 0 left on base; Lake County 3 - Beloit 5
TOP OF THE 9TH
Lake County Captains batting - Pitching for Beloit Snappers : LHP Antonio Arocha
Pitching: LHP Alexis Miranda
Batting: SHB Arturo Baez 0-0: Ball
1-0: Foul Ball, location: 2F
1-1: Fly out, F5 (Flyball, 5D, EV 95.0 MPH)
Batting: SHB Travis Burnett 0-0: Called Strike
0-1: Foul Ball, location: 2F
0-2: Fly out, F8 (Line Drive, 8LM, EV 96.9 MPH)
Batting: LHB Costodio Varino 0-0: Ball
1-0: Fly out, F8 (Flyball, 8LM, EV 87.5 MPH)
Top of the 9th over - 0 runs, 0 hits, 0 errors, 0 left on base; Lake County 3 - Beloit 5
Wednesday, June 22nd , 2022 - OOTP Baseball 23.4 Build 64